IL
NASHVILLE SOUNDS @ CHARLOTTE KNIGHTS
07/29/2046
 
TOP OF THE 1ST
Nashville Sounds batting - Pitching for Charlotte Knights : LHP David Schultz
Pitching: LHP David Schultz
Batting: RHB Jerry Escamilla 0-0: DOUBLE (Line Drive, 8LXD, EV 106.9 MPH)
Batting: SHB Brace Harper 0-0: Ball
1-0: Foul Ball, location: 2F
1-1: Ball
2-1: Fly out, F9 (Flyball, 9D, EV 95.6 MPH)
Runner from 2nd tags up, SAFE at 3rd, no throw by RF
Batting: RHB Dusty Thompson 0-0: Called Strike
0-1: Ball
1-1: DOUBLE (Line Drive, 89D, EV 106.9 MPH)
Jerry Escamilla scores
Batting: RHB Chris Stillions 0-0: Foul Ball, location: 2F
0-1: Ball
1-1: Ball
2-1: Ball
3-1: Foul Ball, location: 2F
3-2: Foul Ball, location: 2F
3-2: Foul Ball, location: 2F
3-2: Foul Ball, location: 2F
3-2: SINGLE (Groundball, 6MD, EV 106.2 MPH)
Dusty Thompson to third
Runner from 3rd tries for Home, SAFE, throw by CF to home
Batting: RHB Antonio Gomez 0-0: Called Strike
0-1: Ball
1-1: Swinging Strike
1-2: Ball
Wild Pitch!
Chris Stillions to second
2-2: Foul Ball, location: 2F
2-2: Strikes out swinging
Batting: RHB Ben Zeiler 0-0: Ground out 4-3 (Groundball, 4, EV 96.9 MPH)
Top of the 1st over - 2 runs, 3 hits, 0 errors, 1 left on base; Nashville 2 - Charlotte 0
BOTTOM OF THE 1ST
Charlotte Knights batting - Pitching for Nashville Sounds : RHP Ryan DeMille
Pitching: RHP Ryan DeMille
Batting: LHB Alberto Carrasco 0-0: Called Strike
0-1: Swinging Strike
0-2: Ball
1-2: Ball
2-2: Ball
3-2: Base on Balls
Batting: LHB Angel Tellez 0-0: SINGLE (Groundball, 13S, EV 70.0 MPH) (infield hit)
Alberto Carrasco to second
Batting: LHB Hirakito Herring 0-0: Called Strike
0-1: SINGLE (Groundball, 56D, EV 95.6 MPH)
Alberto Carrasco to third
Angel Tellez to second
Runner from 3rd tries for Home, throw by LF and OUT! 7-2
Batting: LHB Larry Myers 0-0: Foul Ball, location: 2F
0-1: Foul Ball, location: 2F
0-2: SINGLE (Groundball, 56D, EV 97.5 MPH)
Angel Tellez to third
Hirakito Herring to second
Runner from 3rd tries for Home, SAFE, throw by LF to home
Batting: LHB John Thurman 0-0: Called Strike
0-1: Ball
Passed Ball!
Hirakito Herring to third
Larry Myers to second
1-1: Ball
2-1: Ground out 4-3 (Groundball, 4, EV 89.4 MPH)
Hirakito Herring scores
Larry Myers to third
Batting: RHB Micah Brown 0-0: Called Strike
0-1: Fly out, F8 (Flyball, 8RM, EV 93.1 MPH)
Bottom of the 1st over - 2 runs, 3 hits, 0 errors, 1 left on base; Nashville 2 - Charlotte 2
TOP OF THE 2ND
Nashville Sounds batting - Pitching for Charlotte Knights : LHP David Schultz
Batting: RHB Robby Godwin 0-0: Foul Ball, location: 2F
0-1: Swinging Strike
0-2: Ball
1-2: Ball
2-2: Ball
3-2: Foul Ball, location: 2F
3-2: Foul Ball, location: 2F
3-2: Foul Ball, location: 2F
3-2: Foul Ball, location: 2F
3-2: Base on Balls
Batting: RHB Jonathan Lugo 0-0: Called Strike
Robby Godwin steals 2nd base
0-1: Ball
1-1: Ground out 5-3 (Groundball, 56S, EV 80.6 MPH)
Batting: RHB Dan Boylan 0-0: Ground out 5-3 (Groundball, 5, EV 99.4 MPH)
Batting: RHB Jerry Escamilla 0-0: Called Strike
0-1: Ball
1-1: Ball
2-1: Ground out 5-3 (Groundball, 5S, EV 90.6 MPH)
Top of the 2nd over - 0 runs, 0 hits, 0 errors, 1 left on base; Nashville 2 - Charlotte 2
BOTTOM OF THE 2ND
Charlotte Knights batting - Pitching for Nashville Sounds : RHP Ryan DeMille
Batting: LHB Matt Hyde 0-0: Ball
1-0: Ball
2-0: Ball
3-0: Called Strike
3-1: Base on Balls
Batting: LHB Ricardo Pagan 0-0: Ball
1-0: Ball
2-0: Ball
3-0: Called Strike
3-1: Base on Balls
Matt Hyde to second
Batting: RHB John Iddings 0-0: Called Strike
0-1: Swinging Strike
0-2: Strikes out swinging
Batting: LHB Alberto Carrasco 0-0: Ball
1-0: Ball
2-0: Ball
3-0: Foul Ball, location: 2F
3-1: Fielders Choice at 2nd, 3-6 (Groundball, 34, EV 86.9 MPH)
Matt Hyde to third
Batting: LHB Angel Tellez 0-0: Ball
1-0: Ball
2-0: Called Strike
2-1: Fly out, F6 (Popup, 6, EV 76.2 MPH)
Bottom of the 2nd over - 0 runs, 0 hits, 0 errors, 2 left on base; Nashville 2 - Charlotte 2
TOP OF THE 3RD
Nashville Sounds batting - Pitching for Charlotte Knights : LHP David Schultz
Batting: SHB Brace Harper 0-0: Ball
1-0: Ball
2-0: Swinging Strike
2-1: Foul Ball, location: 2F
2-2: Ball
3-2: Strikes out swinging
Batting: RHB Dusty Thompson 0-0: Ball
1-0: Foul Ball, location: 2F
1-1: Ball
2-1: Swinging Strike
2-2: Ball
3-2: Foul Ball, location: 2F
3-2: Base on Balls
Batting: RHB Chris Stillions 0-0: Ball
1-0: Grounds into double play, 6-4-3 (Groundball, 6MD, EV 106.9 MPH)
Top of the 3rd over - 0 runs, 0 hits, 0 errors, 0 left on base; Nashville 2 - Charlotte 2
BOTTOM OF THE 3RD
Charlotte Knights batting - Pitching for Nashville Sounds : RHP Ryan DeMille
Batting: LHB Hirakito Herring 0-0: Ground out 6-3 (Groundball, 6, EV 100.6 MPH)
Batting: LHB Larry Myers 0-0: Swinging Strike
0-1: Foul Ball, location: 2F
0-2: Ball
1-2: Ball
2-2: Strikes out swinging
Batting: LHB John Thurman 0-0: Ball
1-0: Ground out 3-1 (Groundball, 34, EV 86.9 MPH)
Bottom of the 3rd over - 0 runs, 0 hits, 0 errors, 0 left on base; Nashville 2 - Charlotte 2
TOP OF THE 4TH
Nashville Sounds batting - Pitching for Charlotte Knights : LHP David Schultz
Batting: RHB Antonio Gomez 0-0: Called Strike
0-1: Fly out, F8 (Flyball, 8RM, EV 83.8 MPH)
Batting: RHB Ben Zeiler 0-0: Ball
1-0: Ball
2-0: Called Strike
2-1: Ball
3-1: Base on Balls
Batting: RHB Robby Godwin 0-0: Called Strike
Ben Zeiler steals 2nd base (no throw)
0-1: Ball
1-1: Called Strike
1-2: Foul Ball, location: 2F
1-2: Fly out, F7 (Flyball, 78M, EV 92.5 MPH)
Batting: RHB Jonathan Lugo 0-0: Ball
1-0: Foul Ball, location: 2F
1-1: Foul Ball, location: 2F
1-2: Strikes out swinging
Top of the 4th over - 0 runs, 0 hits, 0 errors, 1 left on base; Nashville 2 - Charlotte 2
BOTTOM OF THE 4TH
Charlotte Knights batting - Pitching for Nashville Sounds : RHP Ryan DeMille
Batting: RHB Micah Brown 0-0: Called Strike
0-1: SINGLE (Groundball, 4MD, EV 102.5 MPH)
Batting: LHB Matt Hyde 0-0: Ball
1-0: Ball
2-0: Called Strike
2-1: Swinging Strike
2-2: Ball
3-2: SINGLE (Flyball, 5D, EV 92.5 MPH)
Micah Brown to second
Batting: LHB Ricardo Pagan 0-0: Ball
1-0: Foul Ball, location: 2F
1-1: Ball
2-1: Called Strike
2-2: Foul Ball, location: 2F
2-2: Foul Ball, location: 2F
2-2: Ball
3-2: Foul Ball, location: 2F
3-2: SINGLE (Line Drive, 34D, EV 99.4 MPH)
Micah Brown to third
Matt Hyde to second
Runner from 3rd tries for Home, throw by RF and OUT! 9-2
Batting: RHB John Iddings 0-0: Ball
1-0: Swinging Strike
1-1: Called Strike
1-2: Foul Ball, location: 2F
1-2: Ball
2-2: Fielders Choice at 2nd, 3-6 (Groundball, 3, EV 83.1 MPH)
Matt Hyde to third
Batting: LHB Alberto Carrasco 0-0: Called Strike
0-1: Ball
1-1: SINGLE (Flyball, 56D, EV 91.9 MPH)
Matt Hyde scores
John Iddings to second
Batting: LHB Angel Tellez 0-0: Ball
1-0: Foul Ball, location: 2F
1-1: Ground out U3 (Groundball, 34, EV 87.5 MPH)
Bottom of the 4th over - 1 run, 4 hits, 0 errors, 2 left on base; Nashville 2 - Charlotte 3
TOP OF THE 5TH
Nashville Sounds batting - Pitching for Charlotte Knights : LHP David Schultz
Batting: RHB Dan Boylan 0-0: Called Strike
0-1: Ball
1-1: Called Strike
1-2: Strikes out swinging
Batting: RHB Jerry Escamilla 0-0: Ball
1-0: TRIPLE (Flyball, 89XD, EV 93.8 MPH)
Batting: SHB Brace Harper 0-0: Foul Ball, location: 2F
0-1: Foul Ball, location: 2F
0-2: Fly out, F9 (Flyball, 9D, EV 101.9 MPH)
Runner from 3rd tags up, SCORES, no throw by RF
Batting: RHB Dusty Thompson 0-0: Ball
1-0: Called Strike
1-1: Called Strike
1-2: Ball
2-2: Ball
3-2: Ground out 6-3 (Groundball, 6, EV 93.8 MPH)
Top of the 5th over - 1 run, 1 hit, 0 errors, 0 left on base; Nashville 3 - Charlotte 3
BOTTOM OF THE 5TH
Charlotte Knights batting - Pitching for Nashville Sounds : RHP Ryan DeMille
Batting: LHB Hirakito Herring 0-0: Ball
1-0: Ball
2-0: Foul Ball, location: 2F
2-1: Ball
3-1: Called Strike
3-2: Base on Balls
Batting: LHB Larry Myers 0-0: Called Strike
0-1: Ball
1-1: Foul Ball, location: 2F
1-2: Ball
2-2: Foul Ball, location: 2F
2-2: Strikes out swinging
Batting: LHB John Thurman 0-0: Ball
1-0: Swinging Strike
1-1: Swinging Strike
1-2: Ball
2-2: Fly out, F9 (Flyball, 89M, EV 86.2 MPH)
Batting: RHB Micah Brown 0-0: Ball
1-0: Called Strike
1-1: Swinging Strike
1-2: Ball
2-2: Strikes out swinging
Bottom of the 5th over - 0 runs, 0 hits, 0 errors, 1 left on base; Nashville 3 - Charlotte 3
TOP OF THE 6TH
Nashville Sounds batting - Pitching for Charlotte Knights : LHP David Schultz
Pitching: RHP Michael McMurry
Batting: RHB Chris Stillions 0-0: Ball
1-0: Ball
2-0: Fly out, F9 (Flyball, 9LS, EV 95.0 MPH)
Batting: RHB Antonio Gomez 0-0: Ball
1-0: Called Strike
1-1: Ball
2-1: Swinging Strike
2-2: Strikes out swinging
Batting: RHB Ben Zeiler 0-0: Called Strike
0-1: Ball
1-1: Foul Ball, location: 2F
1-2: Ball
2-2: Foul Ball, location: 2F
2-2: Strikes out swinging
Top of the 6th over - 0 runs, 0 hits, 0 errors, 0 left on base; Nashville 3 - Charlotte 3
BOTTOM OF THE 6TH
Charlotte Knights batting - Pitching for Nashville Sounds : RHP Ryan DeMille
Pitching: RHP Gary Caldwell
Batting: LHB Matt Hyde 0-0: Ball
1-0: Called Strike
1-1: Fly out, F8 (Flyball, 8LXD, EV 103.1 MPH)
Batting: LHB Ricardo Pagan 0-0: Called Strike
0-1: Swinging Strike
0-2: Strikes out looking
Pinch Hitting: RHB Jason Moss 0-0: Fly out, F8 (Flyball, 8RD, EV 98.1 MPH)
Bottom of the 6th over - 0 runs, 0 hits, 0 errors, 0 left on base; Nashville 3 - Charlotte 3
TOP OF THE 7TH
Nashville Sounds batting - Pitching for Charlotte Knights : RHP Michael McMurry
Pitching: RHP Drew Tollefsen
Now at SS: Ching-hsia Zhang
Batting: RHB Robby Godwin 0-0: Foul Ball, location: 2F
0-1: Ball
1-1: Called Strike
1-2: Strikes out looking and he ARGUES THE CALL AND IS TOSSED!
Batting: RHB Jonathan Lugo 0-0: Ball
1-0: Foul Ball, location: 2F
1-1: Ball
2-1: SINGLE (Groundball, 34S, EV 74.4 MPH) (infield hit)
Pinch Hitting: LHB Isto Mäyrä 0-0: Called Strike
0-1: Foul Ball, location: 2F
0-2: Strikes out swinging
Batting: RHB Jerry Escamilla Pickoff Throw to First - Error! E1
Jonathan Lugo to second
0-0: Ball
1-0: Swinging Strike
1-1: Foul Ball, location: 2F
1-2: Foul Ball, location: 2F
1-2: Ball
2-2: Ball
3-2: Ground out 4-3 (Groundball, 4M, EV 103.1 MPH)
Top of the 7th over - 0 runs, 1 hit, 1 error, 1 left on base; Nashville 3 - Charlotte 3
BOTTOM OF THE 7TH
Charlotte Knights batting - Pitching for Nashville Sounds : RHP Gary Caldwell
Now in LF: Josh Sinden
Now in CF: Isto Mäyrä
Batting: LHB Alberto Carrasco 0-0: Ground out 4-3 (Groundball, 4D, EV 106.9 MPH)
Pitching: LHP Jimmy Rush
Batting: LHB Angel Tellez 0-0: SINGLE (Groundball, 34S, EV 69.4 MPH) (infield hit)
Pinch Hitting: RHB Mike Warzecha 0-0: Foul Ball, location: 2F
0-1: Ball
1-1: Ball
2-1: Ball
3-1: Foul Ball, location: 2F
3-2: SINGLE (Groundball, 56D, EV 100.0 MPH) (infield hit)
Angel Tellez to second
Batting: RHB Danny Longoria 0-0: 3-RUN HOME RUN (Line Drive, 78XD, EV 113.8 MPH), Distance : 414 ft
Pitching: RHP Tyler Smith
Batting: LHB John Thurman 0-0: Ball
1-0: Ground out 3-1 (Groundball, 34S, EV 86.9 MPH)
Batting: RHB Micah Brown 0-0: Swinging Strike
0-1: Ball
1-1: Ball
2-1: Ball
3-1: DOUBLE (Line Drive, 9LM, EV 114.4 MPH)
Batting: LHB Matt Hyde 0-0: Ball
1-0: Ball
2-0: Called Strike
2-1: Swinging Strike
2-2: Foul Ball, location: 7LSF, Error on foul ball, E7
2-2: Ball
3-2: Foul Ball, location: 2F
3-2: Foul Ball, location: 2F
3-2: Foul Ball, location: 2F
3-2: Foul Ball, location: 2F
3-2: 2-RUN HOME RUN (Flyball, 9LD, EV 96.2 MPH), Distance : 338 ft
Batting: LHB Ricardo Pagan 0-0: Called Strike
0-1: Ball
1-1: Ball
2-1: SINGLE (Groundball, 23, EV 69.4 MPH) (infield hit)
Batting: RHB Ching-hsia Zhang 0-0: Ball
1-0: Ball
2-0: SINGLE (Groundball, 56S, EV 64.4 MPH) (infield hit)
Ricardo Pagan to second
Batting: LHB Alberto Carrasco 0-0: Ball
1-0: Ball
2-0: Foul Ball, location: 2F
2-1: Foul Ball, location: 2F
2-2: Ball
3-2: Foul Ball, location: 2F
3-2: Base on Balls
Ricardo Pagan to third
Ching-hsia Zhang to second
Batting: LHB Angel Tellez 0-0: Ball
1-0: Ball
2-0: Ball
3-0: Base on Balls
Ricardo Pagan scores
Ching-hsia Zhang to third
Alberto Carrasco to second
Pitching: RHP T.J. Hirst
Batting: RHB Mike Warzecha 0-0: Called Strike
0-1: Called Strike
0-2: Foul Ball, location: 2F
0-2: Ball
1-2: Fly out, F6 (Line Drive, 56, EV 64.4 MPH)
Bottom of the 7th over - 6 runs, 7 hits, 1 error, 3 left on base; Nashville 3 - Charlotte 9
TOP OF THE 8TH
Nashville Sounds batting - Pitching for Charlotte Knights : RHP Drew Tollefsen
Now at 2B: Mike Warzecha
Batting: SHB Brace Harper 0-0: Ball
1-0: Called Strike
1-1: Ball
2-1: Ball
3-1: Ground out 5-3 (Groundball, 56S, EV 85.0 MPH)
Batting: RHB Dusty Thompson 0-0: Ground out 6-3 (Groundball, 6, EV 84.4 MPH)
Batting: RHB Chris Stillions 0-0: Called Strike
0-1: Swinging Strike
0-2: Ball
1-2: Ball
2-2: Ball
3-2: Base on Balls
Batting: RHB Antonio Gomez 0-0: Ball
1-0: Called Strike
1-1: Ball
2-1: Foul Ball, location: 2F
2-2: Foul Ball, location: 2F
2-2: Ball
3-2: Ground out U3 (Groundball, 3, EV 81.2 MPH)
Top of the 8th over - 0 runs, 0 hits, 0 errors, 1 left on base; Nashville 3 - Charlotte 9
BOTTOM OF THE 8TH
Charlotte Knights batting - Pitching for Nashville Sounds : RHP T.J. Hirst
Batting: RHB Danny Longoria 0-0: Foul Ball, location: 2F
0-1: Ball
1-1: Ball
2-1: Foul Ball, location: 2F
2-2: Foul Ball, location: 2F
2-2: Ball
3-2: Foul Ball, location: 2F
3-2: Ground out 5-3 (Groundball, 56, EV 95.0 MPH)
Batting: LHB John Thurman 0-0: Ball
1-0: Foul Ball, location: 2F
1-1: Swinging Strike
1-2: Ball
2-2: Foul Ball, location: 2F
2-2: Ball
3-2: SINGLE (Line Drive, 7LS, EV 98.1 MPH)
Batting: RHB Micah Brown 0-0: Called Strike
0-1: Ball
John Thurman is caught stealing 2nd base 2-4
1-1: Ball
2-1: Swinging Strike
2-2: Strikes out looking
Bottom of the 8th over - 0 runs, 1 hit, 0 errors, 0 left on base; Nashville 3 - Charlotte 9
TOP OF THE 9TH
Nashville Sounds batting - Pitching for Charlotte Knights : RHP Drew Tollefsen
Pitching: RHP Jerry JimAnez
Batting: RHB Ben Zeiler 0-0: Ball
1-0: Ground out 4-3 (Groundball, 4S, EV 84.4 MPH)
Batting: RHB Josh Sinden 0-0: Foul Ball, location: 2F
0-1: Ball
1-1: Swinging Strike
1-2: Ball
2-2: Ball
3-2: Ground out 1-3 (Groundball, 13, EV 67.5 MPH)
Batting: RHB Jonathan Lugo 0-0: Fly out, F1 (Line Drive, P, EV 73.1 MPH)
Top of the 9th over - 0 runs, 0 hits, 0 errors, 0 left on base; Nashville 3 - Charlotte 9
Tuesday, September 13th , 2022 - OOTP Baseball 23.7 Build 88